 Dungeon Crawl Stone Soup version 0.28-a0-97-g102d6777a4 (webtiles) character file.

Game seed: 17171017012805682415

65 eljoo the Chiller (level 3, -2/24 HPs)
             Began as a Demonspawn Ice Elementalist on Aug 9, 2021.
             Slain by a crimson imp (3 damage)
             ... summoned by Eustachio
             ... on level 4 of the Dungeon.
             The game lasted 00:25:15 (2930 turns).

eljoo the Chiller (Demonspawn Ice Elementalist)     Turns: 2930, Time: 00:25:16

Health: -2/24      AC:  4    Str:  8      XL:     3   Next: 94%
Magic:  2/6        EV: 12    Int: 17      God:
Gold:   118        SH:  5    Dex: 11 (13) Spells: 0/7 levels left

rFire   . . .      SeeInvis .   b - +0 short sword
rCold   . . .      Faith    .   (no shield)
rNeg    . . .      Spirit   .   a - +0 robe
rPois   .          Reflect  +   (no helmet)
rElec   .          Harm     .   (no cloak)
rCorr   .          Rampage  .   (no gloves)
Will    .....                   (no boots)
Stlth   ++........              j - amulet of reflection
HPRegen 0.08/turn               (no ring)
MPRegen 0.10/turn               (no ring)

@: no status effects
A: yellow scales 1
a: no special abilities


You were on level 4 of the Dungeon.
You visited 1 branch of the dungeon, and saw 4 of its levels.

You collected 118 gold pieces.

Inventory:

Hand Weapons
 b - a +0 short sword (weapon)
Armour
 a - a +0 robe (worn)
 k - +0 pearl dragon scales
Jewellery
 j - an amulet of reflection (around neck)
Scrolls
 e - 2 scrolls of enchant armour {unknown}
 g - 2 scrolls of teleportation {unknown}
 i - a scroll of identify
 l - a scroll of magic mapping {unknown}
Potions
 c - a potion of curing
 d - a potion of heal wounds
 f - a potion of attraction
 h - a potion of magic {unknown}


   Skills:
 + Level 2.3 Dodging
 + Level 2.4 Stealth
 + Level 2.5 Spellcasting
 + Level 4.1 Ice Magic


You couldn't memorise any spells.
You knew the following spells:

 Your Spells              Type           Power      Damage    Failure   Level
a - Freeze                Ice            64%        1d8       3%          1
b - Ozocubu's Armour      Ice            16%        N/A       10%         3
c - Frozen Ramparts       Ice            32%        1d5       10%         3

Your spell library contained the following spells:

 Spells                   Type           Power      Damage    Failure   Level
 Magic Dart               Conj           8%         1d3       19%         1
 Call Imp                 Summ           2%         N/A       28%         2
 Conjure Flame            Conj/Fire      2%         6-21      50%         3
 Ignite Poison            Fire/Tmut/Pois 2%         N/A       50%         3
 Mephitic Cloud           Conj/Pois/Air  2%         N/A       50%         3
 Hailstorm                Conj/Ice       9%         3d4       61%         4
 Sticky Flame             Conj/Fire      2%         2d3       88%         4


Dungeon Overview and Level Annotations

Branches:
Dungeon (4/15)
 Temple: D:4-7

Altars:
Zin

Annotations:
D:4 Eustachio, Sigmund


Innate Abilities, Weirdness & Mutations

You are partially covered in yellow scales. (AC +2)


Message History

You hit the shadow imp.
The shadow imp is moderately wounded.
The crimson imp blinks!
The shadow imp disappears for a moment.
The shadow imp barely misses you.
You closely miss the shadow imp.
The shadow imp is moderately wounded.
The shadow imp hits you but does no damage.
You hit the shadow imp.
The shadow imp is heavily wounded.
The shadow imp hits you but does no damage.
You barely miss the shadow imp.
The shadow imp is heavily wounded.
Your icy armour evaporates.
The shadow imp disappears in a puff of smoke!
Eustachio casts a spell.
Eustachio blinks!
You barely miss the crimson imp. The crimson imp barely misses you.
You hit the crimson imp.
The crimson imp is lightly wounded.
The crimson imp hits you.
You barely miss the crimson imp.
The crimson imp is lightly wounded.
The crimson imp hits you.
Eustachio mumbles some strange words.
Eustachio blinks!
The crimson imp hits you but does no damage.
You closely miss the crimson imp. Eustachio closely misses you.
The crimson imp hits you.
You hit the crimson imp but do no damage.
The quasit disappears in a puff of smoke!
Eustachio misses you.
The crimson imp hits you but does no damage.
You closely miss the crimson imp. Eustachio hits you with a +0 rapier.
* * * LOW HITPOINT WARNING * * *
The crimson imp barely misses you. Eustachio hits you with a +0 rapier.
* * * LOW HITPOINT WARNING * * *
The crimson imp hits you.
You die...

#...........
#...........
#.....$.....
#.....>..)..
#...........
#...........
##.#.###### #5#.#
#@#.# ###
#@#.############.#
#.#...............
#.####........##..
#.......[.........
######........####
#........#
#.......##
#########


You could see Eustachio and a crimson imp (summoned).

Vanquished Creatures
  An adder (D:3)
  A worm (D:2)
  4 dart slugs
  2 orcs
  2 ball pythons
  6 endoplasms
  2 goblins
  3 hobgoblins
  4 jackals (D:1)
  A quokka (D:2)
  5 bats
  4 frilled lizards
  2 kobolds (D:1)
  3 rats
40 creatures vanquished.

Notes
Turn   | Place    | Note
-------+----------+-------------------------------------------
     0 | D:1      | eljoo the Demonspawn Ice Elementalist began the quest for
                  | the Orb.
     0 | D:1      | Reached XP level 1. HP: 13/13 MP: 3/3
   406 | D:1      | Gained mutation: You are partially covered in yellow
                  | scales. (AC +2) [demonic ancestry]
   406 | D:1      | Reached XP level 2. HP: 14/19 MP: 3/5
   491 | D:1      | You fall into a shaft and drop 1 floor!
   984 | D:1      | Reached skill level 4 in Ice Magic
  1187 | D:1      | Reached XP level 3. HP: 24/24 MP: 4/6
  1191 | D:1      | Learned a level 3 spell: Ozocubu's Armour
  1935 | D:3      | Found a faded altar of an unknown god.
  2497 | D:4      | Noticed Eustachio
  2679 | D:4      | Noticed Sigmund
  2839 | D:3      | Learned a level 3 spell: Frozen Ramparts
  2930 | D:4      | HP: 1/24 [Eustachio (5)]
  2930 | D:4      | Slain by a crimson imp

Illustrated notes

Levels and vault maps discovered:
D:1:      lightli_iron_boxes, layout_rooms, serial_park_tiny_pond
D:2:      wander_river, layout_basic, basic_altar
D:3:      layout_loops_cross, chequers_ecumenical_altar_twisty
D:4:      layout_basic, kennysheep_donut, chequers_hall_statues_y,
          uniq_eustachio, uniq_sigmund

Skill      XL: |  1  2 |
---------------+-------+-----
Dodging        | 2 |  2.3
Stealth        | 2 |  2.4
Ice Magic      | 4 |  4.1
Spellcasting   | |  2.5

Action                   || total
-------------------------++-------
Melee: Short sword       ||    63
 Cast: Freeze            ||    70
       Frozen Ramparts   ||     2
       Ozocubu's Armour  ||     1
  Use: Scroll            ||     2
       Potion            ||     2
 Stab: Sleeping          ||     2
Armor: Robe              ||    46
Dodge: Dodged            ||    74
Block: Other             ||     9

Table legend: (Time is in decaauts)
 A = Elapsed time spent in this place.
 B = Non-inter-level travel time spent in this place.
 C = Inter-level travel time spent in this place.
 D = Time resting spent in this place.
 E = Time spent auto-exploring this place.
 F = Levels seen in this place.
 G = Mean time per level.
                   A        B        C        D        E       F      G
               +--------+--------+--------+--------+--------+-----+--------+
         Total |   2951 |   2804 |    147 |    740 |   1482 |   4 |  737.8 |
       Dungeon |   2951 |   2804 |    147 |    740 |   1482 |   4 |  737.8 |
               +--------+--------+--------+--------+--------+-----+--------+

Top non-repeatable levels by time:
     D:2: 971 daAuts
     D:1: 875 daAuts
     D:3: 849 daAuts
     D:4: 254 daAuts
